 Dungeon Crawl Stone Soup version 0.30-b1-2-g02819fbbbe (webtiles) character file.

Game seed: 236786615533662247

356 Metae the Shield-Bearer (level 6, -5/56 HPs)
             Began as a Minotaur Fighter on July 3, 2023.
             Killed by nerve-wracking pain
             ... invoked by Menkaure
              (10 damage)
             ... on level 4 of the Dungeon.
             The game lasted 00:05:18 (2661 turns).

Metae the Shield-Bearer (Minotaur Fighter)          Turns: 2661, Time: 00:05:48

Health: -5/56      AC: 12    Str: 23    XL:     6   Next: 36%
Magic:  5/5        EV:  9    Int:  5    God:
Gold:   196        SH:  4    Dex:  9    Spells: 5/5 levels left

rFire   . . .        a - +0 war axe
rCold   . . .        c - +0 buckler
rNeg    . . .        p - +0 chain mail
rPois   .            z - +0 hat
rElec   .            (no cloak)
rCorr   .            (no gloves)
SInv    .            k - +1 pair of boots
Will    .....        (no amulet) Stlth
                     (no ring)
HPRegen 0.29/turn    (no ring)
MPRegen 0.09/turn

%: no passive effects
@: no status effects
A: horns 2, retaliatory headbutt
a: no special abilities


You were on level 4 of the Dungeon.
You visited 1 branch of the dungeon, and saw 4 of its levels.

You collected 196 gold pieces.

Inventory:

Hand Weapons
 a - a +0 war axe (weapon)
 s - a +2 mace of venom
Armour
 c - a +0 buckler (worn)
 k - a +1 pair of boots (worn)
 p - a +0 chain mail (worn)
 w - a +0 plate armour
 z - a +0 hat (worn)
Scrolls
 b - a scroll of immolation {unknown}
 e - a scroll of blinking {unknown}
 g - a scroll of magic mapping {unknown}
 m - 2 scrolls of teleportation {unknown}
 o - a scroll of fog {unknown}
 q - 3 scrolls of identify {unknown}
 r - a scroll of fear {unknown}
 t - a scroll of torment {unknown}
 y - a scroll of poison {unknown}
 A - a scroll of vulnerability {unknown}
Potions
 d - 2 potions of might
 f - a potion of brilliance {unknown}
 h - a potion of haste {unknown}
 i - a potion of attraction {unknown}
 j - 2 potions of heal wounds {unknown}
 l - a potion of degeneration {unknown}
 n - a potion of berserk rage {unknown}
 u - a potion of flight {unknown}
 v - a potion of magic {unknown}
 x - 2 potions of mutation {unknown}


   Skills:
 + Level 5.0 Fighting
 + Level 4.2 Axes
 + Level 5.0 Armour
 + Level 2.8 Dodging
 + Level 5.0 Shields


You had 5 spell levels left.
You didn't know any spells.
Your spell library contained the following spells:

 Spells                   Type           Power      Damage    Failure   Level
 Shock                    Conj/Air       0%         1d3       98%         1
 Gell's Gravitas          Tloc           0%         N/A       100%        3
 Swiftness                Air            0%         N/A       100%        3
 Teleport Other           Tloc           0%         N/A       100%        3
 Airstrike                Air            0%         2d(0-16)  100%        4
 Dispersal                Tloc           0%         N/A       100%        6


Dungeon Overview and Level Annotations

Branches:
Dungeon (4/15)
 Temple: D:4-7

Altars:
Xom

Annotations:
D:4 Menkaure


Innate Abilities, Weirdness & Mutations

You have a pair of horns on your head.
You reflexively headbutt those who attack you in melee.


Message History

The orc hits you but does no damage.
You hit the orc but do no damage. Your headbutt misses the orc.
The orc hits you but does no damage.
You barely miss the orc. Your headbutt misses the orc.
You block the orc's attack.
You slash the orc!
You kill the orc!
No target in view!
Things that are here:
a +0 whip; a +0 chain mail; an orc corpse
Things that are here:
a +0 whip; a +0 chain mail; an orc corpse
There is a large open door here.
You open the door.
There is an open door here.
Menkaure, Prince of Dust comes into view.
Menkaure shouts!
Menkaure casts a spell at you. Pain shoots through your body!
You barely miss Menkaure.
Menkaure casts a spell.
Menkaure seems to speed up.
You completely miss Menkaure. You headbutt Menkaure!
Menkaure is moderately damaged.
Menkaure hits you.
You closely miss Menkaure.
Menkaure is moderately damaged.
Menkaure calls on the powers of darkness!
Your body is wracked with pain!
Menkaure hits you!
You barely miss Menkaure. You headbutt Menkaure.
Menkaure is heavily damaged.
Menkaure hits you!
* * * LOW HITPOINT WARNING * * *
You barely miss Menkaure. Your headbutt misses Menkaure.
Menkaure is heavily damaged.
Menkaure hits you.
* * * LOW HITPOINT WARNING * * *
Menkaure points at you and mumbles some strange words.
Pain shoots through your body!
You die...

.#.#........
.#.#........ ##
...#........ ..##
.################..#
## ###### #.......#
##....## #......# #
#.8..8.# #.....# #
#......# #.M..# #
##))..## #@..#
#####.##.### ####..#
#8#.##''##.###...#.#
...#......#.'.###..#
#8#.##''##.###...###
#####.##.### ####.#
##))..## .# #......#
.# #.8..8.# .#


You could see Menkaure (fast).

Vanquished Creatures
  A phantom (D:4)
  A scorpion (D:4)
  A hound (D:4)
  A jelly (D:3)
  An iguana (D:4)
  A sleepcap (D:3)
  2 adders
  A worm (D:2)
  4 dart slugs
  7 orcs (D:4)
  8 endoplasms
  6 goblins
  8 hobgoblins
  8 kobolds
  4 quokkas
  2 ball pythons (D:1)
  6 bats
  6 frilled lizards
  6 rats
74 creatures vanquished.

Notes
Turn   | Place    | Note
-------+----------+-------------------------------------------
     0 | D:1      | Metae the Minotaur Fighter began the quest for the Orb.
     0 | D:1      | Reached XP level 1. HP: 19/19 MP: 0/0
   105 | D:1      | Reached XP level 2. HP: 24/27 MP: 1/1
   431 | D:1      | Reached skill level 1 in Dodging
   871 | D:2      | Reached XP level 3. HP: 33/33 MP: 2/2
  1253 | D:2      | Found a shimmering altar of Xom.
  1587 | D:3      | Reached XP level 4. HP: 40/40 MP: 3/3
  2346 | D:4      | Reached XP level 5. HP: 47/47 MP: 4/4
  2460 | D:4      | Noticed a phantom
  2469 | D:4      | Killed a phantom
  2473 | D:4      | Reached XP level 6. HP: 51/55 MP: 5/5
  2508 | D:4      | Reached skill level 5 in Shields
  2512 | D:4      | Reached skill level 5 in Fighting
  2512 | D:4      | Reached skill level 5 in Armour
  2655 | D:4      | Noticed Menkaure
  2661 | D:4      | Killed from afar by Menkaure

Illustrated notes

Levels and vault maps discovered:
D:1:      minmay_arrival_four_houses, layout_loops_ring
D:2:      layout_loops_cross, basic_altar
D:3:      layout_loops_ring, hellmonk_no_cap
D:4:      layout_rooms, zin_statuary, wad_orctagon, uniq_menkaure

Skill      XL: |  1  2  3  4  5  6 |
---------------+-------------------+-----
Dodging        | 1 2 |  2.8
Shields        | 4 5 |  5.0
Fighting       | 4 5 |  5.0
Armour         | 4 5 |  5.0
Axes           | 3 4 |  4.2

Action                     |  1- 3 |  4- 6 || total
---------------------------+-------+-------++-------
  Melee: War axe           |    82 |    72 ||   154
         Headbutt          |     8 |    12 ||    20
 Armour: Scale mail        |    27 |       ||    27
         Chain mail        |    19 |    25 ||    44
  Dodge: Dodged            |    38 |    26 ||    64
  Block: Buckler           |    26 |    10 ||    36
